 Dungeon Crawl Stone Soup version 0.29-a0-72-g1732ff48e7 (webtiles) character file.

Game seed: 16323420445722556304

209 timneilson the Covered (level 5, -1/33 HPs)
             Began as a Gargoyle Fighter on Feb 3, 2022.
             Frozen to death by an endoplasm (3 damage)
             ... on level 3 of the Dungeon.
             The game lasted 00:04:16 (2619 turns).

timneilson the Covered (Gargoyle Fighter)           Turns: 2619, Time: 00:04:16

Health: -1/33      AC: 12    Str: 21    XL:     5   Next: 87%
Magic:  0/5        EV:  9    Int:  9    God:
Gold:   178        SH:  4    Dex:  9    Spells: 4/4 levels left

rFire   . . .      SeeInvis .   a - +0 long sword
rCold   . . .      Faith    .   c - +0 buckler
rNeg    + + .      Spirit   +   b - +0 scale mail
rPois   ∞          Reflect  .   (no helmet)
rElec   +          Harm     .   (no cloak)
rCorr   .          Rampage  .   (no gloves)
Will    .....                   g - +0 pair of boots
Stlth   ..........              f - amulet of guardian spirit
HPRegen 0.11/turn               j - ring of positive energy
MPRegen 0.09/turn               (no ring)

@: no status effects
A: sickness immunity, AC +4, negative energy resistance 1, electricity
resistance, torment resistance 1, petrification resistance
a: no special abilities


You were on level 3 of the Dungeon.
You visited 1 branch of the dungeon, and saw 3 of its levels.

You collected 178 gold pieces.

Inventory:

Hand Weapons
 a - a +0 long sword (weapon)
Armour
 b - a +0 scale mail (worn)
 c - a +0 buckler (worn)
 d - a +0 plate armour
 g - a +0 pair of boots (worn)
Jewellery
 f - an amulet of guardian spirit (around neck)
 j - a ring of positive energy (left hand)
Scrolls
 k - a scroll of enchant armour {unknown}
Potions
 e - a potion of attraction {unknown}
 h - 3 potions of magic {unknown}
 i - a potion of mutation {unknown}


   Skills:
 + Level 3.8 Fighting
 * Level 3.1 Long Blades
 * Level 4.4 Armour
 + Level 1.3 Dodging
 * Level 4.4 Shields


You had 4 spell levels left.
You didn't know any spells.
Your spell library was empty.

Dungeon Overview and Level Annotations

Branches:
Dungeon (3/15)

Altars:

Shops:
D:1 (


Innate Abilities, Weirdness & Mutations

You are immune to sickness and miasma.
Your stone body is resilient. (AC +4)
You are immune to poison.
You resist negative energy. (rN+)
You are resistant to electric shocks. (rElec)
You are resistant to unholy torment.
You are immune to petrification.


Message History

Grinder hits you but does no damage. The orc misses you.
Grinder closely misses you.
You hit Grinder.
Grinder is heavily wounded.
The orc completely misses you. The endoplasm barely misses you.
Grinder hits you!
You writhe in agony.
The orc hits you but does no damage.
You hit Grinder.
Grinder is severely wounded.
The endoplasm hits you but does no damage.
Grinder hits you. You block the orc's attack. The endoplasm freezes you.
You are frozen.
You barely miss Grinder.
Grinder is severely wounded.
Grinder closely misses you. The orc barely misses you.
The endoplasm hits you but does no damage.
Grinder hits you.
You writhe in agony.
You closely miss Grinder.
Grinder is severely wounded.
The orc hits you but does no damage. The endoplasm freezes you.
You are frozen.
* * * LOW HITPOINT WARNING * * *
Grinder hits you but does no damage.
You barely miss Grinder.
Grinder is severely wounded.
The orc barely misses you.
The endoplasm hits you but does no damage.
Grinder hits you but does no damage. The orc hits you with a +0 hand axe.
* * * LOW HITPOINT WARNING * * *
Unknown command.
You slash Grinder!
You kill Grinder!
The endoplasm freezes you.
You are frozen.
* * * LOW HITPOINT WARNING * * *
The orc hits you but does no damage. The endoplasm freezes you.
You are frozen.
You die...

# ##......####.......#
#........
##.#...#.#....[.....#.#
##.##.###
.....#........................#
...........######...##..##.##.#
#...........>.....>.###... >..
#........†..##..........#. (.
##.###..###..........<.. #
#.######........... #.
#.....J@o...... ..
#..[..###....... ...........
......< ............ .#.....
... .......... .#.....
.......... .. ....
..........#.# .## ....... .# ..


You could see an orc and an endoplasm.

Vanquished Creatures
  Grinder (D:3)
  An orc priest (D:2)
  Jessica (D:2)
  An orc wizard (D:3)
  3 gnolls (D:2)
  3 adders
  A worm (D:2)
  2 orcs (D:2)
  3 bats
  8 endoplasms
  2 giant cockroaches (D:1)
  9 goblins
  11 hobgoblins
  2 kobolds (D:2)
  2 quokkas
  8 ball pythons (D:1)
  3 frilled lizards
  8 rats
69 creatures vanquished.

Vanquished Creatures (others)
  A fungus (D:1)
1 creature vanquished.

Grand Total: 70 creatures vanquished

Notes
Turn   | Place    | Note
-------+----------+-------------------------------------------
     0 | D:1      | timneilson the Gargoyle Fighter began the quest for the
                  | Orb.
     0 | D:1      | Reached XP level 1. HP: 14/14 MP: 1/1
     4 | D:1      | Found Vurodgh's Weapon Shop.
   195 | D:1      | Reached XP level 2. HP: 16/19 MP: 2/2
   705 | D:1      | Reached XP level 3. HP: 23/23 MP: 3/3
  1057 | D:2      | Noticed Jessica
  1064 | D:2      | Killed Jessica
  1065 | D:2      | Reached XP level 4. HP: 13/28 MP: 2/4
  1751 | D:2      | Reached skill level 1 in Dodging
  1908 | D:2      | Reached XP level 5. HP: 20/33 MP: 3/5
  2544 | D:3      | Identified the +0 robe of Day {rElec rPois Dex-2}
  2605 | D:3      | Noticed Grinder
  2619 | D:3      | Killed Grinder
  2619 | D:3      | Frozen to death by an endoplasm

Illustrated notes

Levels and vault maps discovered:
D:1:      tarquinn_simple_flora_water_a, layout_rooms, serial_shops, shop_coins,
          minmay_splitting_lines, minmay_shallow_snake_nest
D:2:      layout_basic, uniq_jessica
D:3:      kennysheep_the_goblin_king, layout_rooms, uniq_grinder

Skill      XL: |  1  2  3  4  5 |
---------------+----------------+-----
Long Blades    | 2 3 |  3.1
Armour         | 4 |  4.4
Shields        | 4 |  4.4
Dodging        | 1 |  1.3
Fighting       | |  3.8

Action                   |  1- 3 |  4- 6 || total
-------------------------+-------+-------++-------
Melee: Long sword        |   106 |    95 ||   201
  Use: Potion            |       |     1 ||     1
Armor: Scale mail        |    63 |    56 ||   119
Dodge: Dodged            |    64 |    38 ||   102
Block: Buckler           |    24 |    19 ||    43

Table legend: (Time is in decaauts)
 A = Elapsed time spent in this place.
 B = Non-inter-level travel time spent in this place.
 C = Inter-level travel time spent in this place.
 D = Time resting spent in this place.
 E = Time spent auto-exploring this place.
 F = Levels seen in this place.
 G = Mean time per level.
                   A        B        C        D        E       F      G
               +--------+--------+--------+--------+--------+-----+--------+
         Total |   2687 |   2643 |     44 |    333 |   1628 |   3 |  895.7 |
       Dungeon |   2687 |   2643 |     44 |    333 |   1628 |   3 |  895.7 |
               +--------+--------+--------+--------+--------+-----+--------+

Top non-repeatable levels by time:
     D:2: 1357 daAuts
     D:1: 1072 daAuts
     D:3: 257 daAuts
